 Dungeon Crawl Stone Soup version 0.21-a0-442-g848f44b (webtiles) character file.

77 Moebius the Insei (level 4, 0/34 HPs)
             Began as a Gnoll Transmuter on Nov 15, 2017.
             Slain by Purgy (2 damage)
             ... on level 3 of the Dungeon.
             The game lasted 00:08:12 (1972 turns).

Moebius the Insei (Gnoll Transmuter)                Turns: 1972, Time: 00:08:13

Health: 0/34       AC:  4    Str: 12    XL:     4   Next: 34%
Magic:  6/11       EV: 15    Int: 16    God:
Gold:   144        SH:  0    Dex: 16    Spells: 10/13 levels left

rFire    . . .     SeeInvis .     - Unarmed
rCold    . . .     Gourm    .   (no shield)
rNeg     . . .     Faith    .   b - +0 robe
rPois    .         Spirit   .   s - +1 helmet
rElec    .         Reflect  .   (no cloak)
rCorr    .         Harm     .   (no gloves)
MR       .....                  (boots currently unavailable)
Stlth    ++........             (no amulet)
HPRegen  0.11/turn              (no ring)
MPRegen  0.12/turn              (no ring)

@: appendage, flying
A: distributed training, fangs 1, talons 3, strong nose
a: End Transformation


You were on level 3 of the Dungeon.
You were not hungry.
You had grown temporary talons.
You visited 1 branch of the dungeon, and saw 4 of its levels.

You collected 144 gold pieces.

Inventory:

Hand Weapons
 e - a +0 dagger
 o - a +0 mace
 r - a +1 whip of flaming
Missiles
 a - 29 arrows
 v - 16 sling bullets
Armour
 b - a +0 robe (worn)
 j - a +0 pair of boots
 p - a +2 chain mail of magic resistance
 s - a +1 helmet (worn)
Scrolls
 g - 4 scrolls of identify {unknown}
 i - 2 scrolls of remove curse {unknown}
 l - 2 scrolls of fear {unknown}
 m - 2 scrolls of amnesia {unknown}
 q - 3 scrolls of magic mapping {unknown}
 u - a scroll of teleportation {unknown}
 w - a scroll of noise {unknown}
Potions
 t - 2 potions of flight
Books
 c - a book of Changes

   Spells                             Type                      Level
   a - Beastly Appendage              Transmutation                1
   b - Sticks to Snakes               Transmutation                2
   c - Spider Form                    Transmutation/Poison         3
   d - Ice Form                       Ice/Transmutation            4
   e - Blade Hands                    Transmutation                5
Comestibles
 d - a bread ration
 h - 3 meat rations
 k - 2 royal jellies
 n - 2 fruits


   Skills:
 + Level 2.7 Fighting
 + Level 1.1 Short Blades
 + Level 1.1 Long Blades
 + Level 1.1 Axes
 + Level 1.1 Maces & Flails
 + Level 1.1 Polearms
 + Level 1.1 Staves
 + Level 1.1 Slings
 + Level 1.1 Bows
 + Level 1.1 Crossbows
 + Level 1.1 Throwing
 + Level 1.1 Armour
 + Level 4.6 Dodging
 + Level 1.1 Stealth
 + Level 1.1 Shields
 + Level 6.6 Unarmed Combat
 + Level 5.0 Spellcasting
 + Level 0.8 Conjurations
 + Level 0.8 Hexes
 + Level 0.8 Charms
 + Level 0.8 Summonings
 + Level 0.8 Necromancy
 + Level 0.8 Translocations
 + Level 3.8 Transmutations
 + Level 0.8 Fire Magic
 + Level 0.8 Ice Magic
 + Level 0.8 Air Magic
 + Level 0.8 Earth Magic
 + Level 0.8 Poison Magic
 + Level 1.2 Invocations
 + Level 1.1 Evocations


You had 10 spell levels left.
You knew the following spells:

 Your Spells              Type           Power        Failure   Level  Hunger
a - Beastly Appendage     Tmut           ###...       3%          1    None
b - Sticks to Snakes      Tmut           ###.....     4%          2    #......


Dungeon Overview and Level Annotations

Branches:
Dungeon (4/15)
 Temple: D:4-7

Altars:
Cheibriados
Dithmenos

Annotations:
D:3 Purgy
D:4 Grinder


Innate Abilities, Weirdness & Mutations

Your experience applies equally to all skills.
You have very sharp teeth.
Your uncanny sense of smell can sniff out nearby items.
You have claws for feet.


Message History

Purgy bites you!
* * * LOW HITPOINT WARNING * * *
Purgy barely misses you. x2; Your ball python bites the jackal.
The jackal dies!
Your ball python closely misses Purgy.
It was a potion of flight.
You feel very buoyant.
You fly up into the air.
Purgy barely misses you. Purgy closely misses you. Purgy claws you.
* * * LOW HITPOINT WARNING * * *
Your ball python misses Purgy.
You closely miss Purgy. You claw Purgy, but do no damage.
Purgy is moderately wounded.
Your ball python barely misses Purgy.
Purgy barely misses you. Purgy closely misses you. Purgy misses you.
Your ball python bites Purgy.
Your ball python barely misses Purgy.
Your ball python bites Purgy.
Purgy bites you.
* * * LOW HITPOINT WARNING * * *
Purgy closely misses you. Purgy claws you.
You die...

####.. .......
....[# #...#
#...# #...##
#..S.## #.#ST.#
#.@..# ### ###..#
..# #...# ∆ #.#
#.#.# #.# #...#
#.# ##..#
######.#######..#
#......[........#
######.#####....#


You could see Purgy and 2 friendly ball pythons.

Vanquished Creatures
  Terence (D:2)
  3 dart slugs (D:1)
  2 leopard geckos (D:2)
  3 giant cockroaches (D:2)
  6 goblins
  9 hobgoblins
  2 jackals (D:2)
  3 kobolds
  A ball python (D:1)
  7 bats
  3 frilled lizards
  A rat (D:2)
41 creatures vanquished.

Vanquished Creatures (collateral kills)
  A jackal (D:3)
1 creature vanquished.

Grand Total: 42 creatures vanquished

Notes
Turn   | Place    | Note
-------+----------+-------------------------------------------
     0 | D:1      | Moebius the Gnoll Transmuter began the quest for the Orb.
     0 | D:1      | Reached XP level 1. HP: 17/17 MP: 6/6
    90 | D:1      | Reached XP level 2. HP: 22/23 MP: 7/7
   513 | D:1      | Reached XP level 3. HP: 23/28 MP: 7/9
   534 | D:1      | Reached skill level 5 in Spellcasting
   618 | D:1      | Learned a level 2 spell: Sticks to Snakes
  1104 | D:2      | Reached skill level 1 in Invocations
  1155 | D:2      | Noticed Terence
  1177 | D:2      | Killed Terence
  1177 | D:2      | Reached skill level 1 in Short Blades
  1177 | D:2      | Reached skill level 1 in Long Blades
  1177 | D:2      | Reached skill level 1 in Axes
  1177 | D:2      | Reached skill level 1 in Maces & Flails
  1177 | D:2      | Reached skill level 1 in Polearms
  1177 | D:2      | Reached skill level 1 in Staves
  1177 | D:2      | Reached skill level 1 in Slings
  1177 | D:2      | Reached skill level 1 in Bows
  1177 | D:2      | Reached skill level 1 in Crossbows
  1177 | D:2      | Reached skill level 1 in Throwing
  1177 | D:2      | Reached skill level 1 in Armour
  1177 | D:2      | Reached skill level 1 in Stealth
  1177 | D:2      | Reached skill level 1 in Shields
  1177 | D:2      | Reached skill level 1 in Evocations
  1177 | D:2      | Reached XP level 4. HP: 11/34 MP: 4/11
  1397 | D:2      | Found a shadowy altar of Dithmenos.
  1536 | D:2      | Found a snail-covered altar of Cheibriados.
  1697 | D:2      | Noticed a phantom
  1955 | D:4      | Noticed Purgy
  1957 | D:4      | Noticed Grinder
  1972 | D:3      | Slain by Purgy

Vault maps used:
D:1:      ncdulo_watergridlock, minmay_liquid_box
D:2:      nicolae_dithmenos_shadow_blocks, nicolae_overflow_hidden_temple,
          lightli_corner_chamber, uniq_terence
D:3:      first_bread, minmay_misc_feat_hallway, kennysheep_orc_chapel,
          uniq_crazy_yiuf_cottage, uniq_sigmund
D:4:      regret_index_temple_of_mockery, minmay_joined_circles, uniq_purgy,
          uniq_grinder

Skill      XL: |  1  2  3 |
---------------+----------+-----
Spellcasting   | 5 |  5.0
Invocations    | 1 |  1.2
Short Blades   | 1 |  1.1
Long Blades    | 1 |  1.1
Axes           | 1 |  1.1
Maces & Flails | 1 |  1.1
Polearms       | 1 |  1.1
Staves         | 1 |  1.1
Slings         | 1 |  1.1
Bows           | 1 |  1.1
Crossbows      | 1 |  1.1
Throwing       | 1 |  1.1
Armour         | 1 |  1.1
Stealth        | 1 |  1.1
Shields        | 1 |  1.1
Evocations     | 1 |  1.1
Fighting       | |  2.7
Dodging        | |  4.6
Unarmed Combat | |  6.6
Conjurations   | |  0.8
Hexes          | |  0.8
Charms         | |  0.8
Summonings     | |  0.8
Necromancy     | |  0.8
Translocations | |  0.8
Transmutations | |  3.8
Fire Magic     | |  0.8
Ice Magic      | |  0.8
Air Magic      | |  0.8
Earth Magic    | |  0.8
Poison Magic   | |  0.8

Action                   |  1- 3 |  4- 6 || total
-------------------------+-------+-------++-------
Melee: Dagger            |    99 |       ||    99
       Bite              |    11 |     8 ||    19
       Kick              |     5 |     3 ||     8
       Unarmed           |    24 |    54 ||    78
       Headbutt          |     9 |       ||     9
       Punch             |     2 |     2 ||     4
 Cast: Beastly Appendage |     8 |     1 ||     9
       Sticks to Snakes  |     3 |     3 ||     6
  Use: Potion            |       |     1 ||     1
 Stab: Sleeping          |     3 |     2 ||     5
  Eat: Chunk             |     1 |     3 ||     4
Armor: Robe              |    30 |    10 ||    40
       Chain mail        |       |    24 ||    24
Dodge: Dodged            |   119 |    65 ||   184

Table legend:
 A = Spawn XP
 B = Non-spawn XP
 C = Spawn XP percentage of total XP
 D = Spawn monster count
 E = Non-spawn monster count
 F = Spawn count percentage of total count
 G = Total turns spent on level
                    A         B        C        D         E        F      G
               +---------+---------+-------+---------+---------+-------+---------
         Total |       0 |     111 |   0.0 |       0 |      42 |   0.0 |  1972
               +---------+---------+-------+---------+---------+-------+---------
           D:1 |       0 |      51 |   0.0 |       0 |      25 |   0.0 |   932
           D:2 |       0 |      56 |   0.0 |       0 |      14 |   0.0 |   898
           D:3 |       0 |       4 |   0.0 |       0 |       3 |   0.0 |   136
               +---------+---------+-------+---------+---------+-------+---------
